 Dungeon Crawl Stone Soup version 0.27-a0-920-gb2bd10914a (webtiles) character file.

Game seed: 9765364251732897792

55 jestyr24 the Skirmisher (level 3, -5/34 HPs)
             Began as a Minotaur Berserker on Apr 9, 2021.
             Was a Follower of the Shining One.
             Slain by a polar bear (7 damage)
             ... created by the rage of Trog
             ... on level 2 of the Dungeon.
             The game lasted 00:03:31 (1877 turns).

jestyr24 the Skirmisher (Minotaur Berserker)        Turns: 1877, Time: 00:03:31

Health: -5/34      AC:  2    Str: 22    XL:     3   Next: 67%
Magic:  2/2        EV: 12    Int:  4    God:    the Shining One [*.....]
Gold:   61         SH:  0    Dex:  9    Spells: 2/2 levels left

rFire    . . .     SeeInvis .   a - +0 falchion
rCold    . . .     Faith    .   (no shield)
rNeg     . . .     Spirit   .   b - +0 animal skin
rPois    .         Reflect  .   (helmet restricted)
rElec    .         Harm     .   (no cloak)
rCorr    .         Rampage  .   (no gloves)
Will     .....                  (no boots)
Stlth    +.........             (no amulet)
HPRegen  0.11/turn              (no ring)
MPRegen  0.08/turn              (no ring)

@: glowing
A: horns 2, retaliatory headbutt
a: Renounce Religion


You were on level 2 of the Dungeon.
You worshipped the Shining One.
The Shining One was aware of your devotion.
You visited 1 branch of the dungeon, and saw 2 of its levels.

You collected 61 gold pieces.

Inventory:

Hand Weapons
 a - a +0 falchion (weapon)
 i - a +1 whip of electrocution
 l - a +2 dagger of holy wrath
Missiles
 c - 33 stones
 e - 17 arrows
Armour
 b - a +0 animal skin (worn)
 m - a +0 leather armour
Jewellery
 p - a ring of poison resistance
Scrolls
 d - 3 scrolls of identify {unknown}
 f - a scroll of brand weapon {unknown}
 g - a scroll of enchant weapon {unknown}
 h - 2 scrolls of vulnerability {unknown}
 j - a scroll of magic mapping {unknown}
 n - a scroll of torment {unknown}
 o - a scroll of acquirement {unknown}
Potions
 k - 2 potions of curing {unknown}


   Skills:
 + Level 4.5 Fighting
 + Level 4.5 Long Blades
 + Level 2.6 Armour
 + Level 2.5 Dodging


You had 2 spell levels left.
You didn't know any spells.
Your spell library was empty.

Dungeon Overview and Level Annotations

Branches:
Dungeon (2/15)

Altars:
The Shining One


Innate Abilities, Weirdness & Mutations

You have a pair of horns on your head.
You reflexively headbutt those who attack you in melee.


Message History

You slash the worm!
You headbutt the worm, but do no damage.
The worm is moderately wounded.
The worm closely misses you. You furiously retaliate!
You headbutt the worm!
You kill the worm!
You see here a worm corpse.
o - a scroll labelled SORAZX ZAQIONO
Found a stone staircase leading up.
You see here a worm corpse.
A hobgoblin comes into view.
You see here a ring of poison resistance.
p - a ring of poison resistance
Found 8 gold pieces.
The hobgoblin hits you.
You hit the hobgoblin. You headbutt the hobgoblin.
You kill the hobgoblin!
You see here a hobgoblin corpse.
Trog sends monsters to punish you. 2 polar bears and 2 black bears come into view.
You slash the black bear!
The black bear is lightly wounded.
The black bear rages.
The black bear bites you. The black bear claws you.
The black bear claws you but does no damage.
A frilled lizard comes into view.
The black bear bites you! The black bear barely misses you.
The black bear claws you.
You hear an angry growl.
The frilled lizard hisses angrily.
The black bear closely misses you. You furiously retaliate!
You headbutt the black bear. The black bear claws you.
* * * LOW HITPOINT WARNING * * *
The black bear barely misses you. The polar bear bites you.
* * * LOW HITPOINT WARNING * * *
The polar bear closely misses you. The polar bear claws you.
The Shining One protects you from harm!
You hit the polar bear. You headbutt the polar bear.
The polar bear is lightly wounded.
The polar bear bites you!
You die...

###.#.##.....#.##.##.##..#
....#.##..####.#..##.##..#
###...#..# .#.###.##..#
#...#.†..# #.#. #.##..#
#.#...##.# #$#. #.##...
#.##.....####.#.# #.###.#
## #.##.######.#.#.# #.#
#.#
###..##.##.#####h#..#.###.
#.#
..............@hhh........
..#
##.###.##.#####.#..#.###
### #.#..............†..#
#.#......########........
#........# ###.....#
###......# .##### #......#
# ##.###.# #.#####.###>#


You could see 2 polar bears and 2 black bears.

Vanquished Creatures
  A gnoll (D:1)
  An adder (D:2)
  A worm (D:2)
  An orc (D:2)
  4 endoplasms
  2 giant cockroaches (D:1)
  4 hobgoblins
  A quokka (D:1)
  4 ball pythons
  3 bats
  3 goblins
  2 kobolds (D:1)
  4 rats (D:1)
31 creatures vanquished.

Vanquished Creatures (others)
  2 plants (D:2)
2 creatures vanquished.

Grand Total: 33 creatures vanquished

Notes
Turn   | Place    | Note
-------+----------+-------------------------------------------
     0 | D:1      | jestyr24 the Minotaur Berserker began the quest for the
                  | Orb.
     0 | D:1      | Reached XP level 1. HP: 19/19 MP: 0/0
   257 | D:1      | Reached XP level 2. HP: 21/27 MP: 1/1
   894 | D:1      | Reached XP level 3. HP: 34/34 MP: 2/2
  1613 | D:2      | Found a faded altar of an unknown god.
  1622 | D:2      | Fell from the grace of Trog
  1622 | D:2      | Became a worshipper of the Shining One
  1622 | D:2      | Reached * piety under the Shining One
  1871 | D:2      | Noticed a black bear
  1871 | D:2      | Noticed a black bear
  1871 | D:2      | Noticed a polar bear
  1871 | D:2      | Noticed a polar bear
  1876 | D:2      | The Shining One protects you from harm!
  1877 | D:2      | Slain by a polar bear

Illustrated notes

Levels and vault maps discovered:
D:1:      dpeg_arrival_erosion, layout_basic, minmay_small_reverse_x
D:2:      layout_loops_ring, shapermc_ecumenical_altar_hornbeckon

Skill      XL: |  1 |
---------------+----+-----
Fighting       | 4 |  4.5
Long Blades    | 4 |  4.5
Armour         | |  2.6
Dodging        | |  2.5

Action                   || total
-------------------------++-------
Melee: Falchion          ||    62
       Headbutt          ||     8
Armor: Animal skin       ||    13
Dodge: Dodged            ||    46
       Rpst.: Falchion   ||    13

Table legend: (Time is in decaauts)
 A = Elapsed time spent in this place.
 B = Non-inter-level travel time spent in this place.
 C = Inter-level travel time spent in this place.
 D = Time resting spent in this place.
 E = Time spent auto-exploring this place.
 F = Levels seen in this place.
 G = Mean time per level.
                   A        B        C        D        E       F      G
               +--------+--------+--------+--------+--------+-----+--------+
         Total |   1890 |   1762 |    128 |    261 |   1226 |   2 |  945.0 |
       Dungeon |   1890 |   1762 |    128 |    261 |   1226 |   2 |  945.0 |
               +--------+--------+--------+--------+--------+-----+--------+

Top non-repeatable levels by time:
     D:1: 1364 daAuts
     D:2: 526 daAuts
